 Dungeon Crawl Stone Soup version 0.28.0-45-g0d030f2227 (webtiles) character file.

Game seed: 8085133626035602349

1069 Ablot the Slicer (level 8, 0/62 HPs)
             Began as a Gnoll Chaos Knight on Apr 17, 2022.
             Was a Plaything of Xom.
             Slain by a gnoll
             ... wielding a +0 whip
              (7 damage)
             ... on level 5 of the Dungeon on Apr 18, 2022.
             The game lasted 00:06:59 (4170 turns).

Ablot the Slicer (Gnoll Chaos Knight)               Turns: 4170, Time: 00:07:00

Health: 0/62       AC:  6    Str: 14    XL:     8   Next: 28%
Magic:  15/15      EV: 13    Int: 12    God:    Xom [....*.]
Gold:   129        SH:  5    Dex: 11    Spells: 17/17 levels left

rFire   . . .      SeeInvis .   a - +0 short sword (chaos)
rCold   . . .      Faith    .   (no shield)
rNeg    . . .      Spirit   .   o - +2 leather armour {rPois}
rPois   +          Reflect  +   g - +2 hat
rElec   .          Harm     .   (no cloak)
rCorr   .          Rampage  .   (no gloves)
Will    .....                   (no boots)
Stlth   ++........              x - amulet of reflection
HPRegen 0.20/turn               w - ring of flight
MPRegen 0.14/turn               (no ring)

@: flying
A: fangs 1, strong nose, distributed training, deformed body, deterioration 1,
frail 1
a: Renounce Religion


You were on level 5 of the Dungeon.
You worshipped Xom.
You were a beloved toy of Xom.
You visited 1 branch of the dungeon, and saw 5 of its levels.

You collected 149 gold pieces.
You spent 20 gold pieces at shops.

Inventory:

Hand Weapons
 a - a +0 short sword of chaos (weapon)
Missiles
 e - 112 stones
 j - 43 arrows
 k - 24 bolts
 n - 6 boomerangs (quivered)
Armour
 g - a +2 hat (worn)
 o - a +2 leather armour of poison resistance (worn)
 r - the +3 chain mail "Duit" {+Inv MP-9 Int+4}
   (You found it on level 4 of the Dungeon)

   Int:       It affects your intelligence (+4).
   MP:        It affects your magic capacity (-9).
   +Inv:      It lets you turn invisible.
 u - a +2 scale mail of cold resistance
Magical Staves
 h - a staff of fire
Jewellery
 w - a ring of flight (left hand)
 x - an amulet of reflection (around neck)
Wands
 v - a wand of iceblast (7)
Scrolls
 c - 5 scrolls of teleportation {unknown}
 f - a scroll of blinking {unknown}
 l - 3 scrolls of identify
 m - a scroll of fear {unknown}
 p - 2 scrolls of noise {unknown}
 s - a scroll of magic mapping {unknown}
 t - a scroll of enchant armour {unknown}
Potions
 b - a potion of ambrosia {unknown}
 d - 2 potions of attraction {unknown}
 i - a potion of resistance {unknown}
 q - a potion of flight {unknown}


   Skills:
 + Level 8.4 Fighting
 + Level 8.4 Short Blades
 + Level 5.0 Long Blades
 + Level 5.0 Axes
 + Level 5.0 Maces & Flails
 + Level 5.0 Polearms
 + Level 5.0 Staves
 + Level 5.0 Slings
 + Level 5.0 Bows
 + Level 5.0 Crossbows
 + Level 5.0 Throwing
 + Level 6.9 Armour
 + Level 5.7 Dodging
 + Level 5.0 Stealth
 + Level 5.0 Shields
 + Level 5.0 Unarmed Combat
 + Level 5.0 Spellcasting
 + Level 4.2 Conjurations
 + Level 4.2 Hexes
 + Level 4.2 Summonings
 + Level 4.2 Necromancy
 + Level 4.2 Translocations
 + Level 4.2 Transmutations
 + Level 4.2 Fire Magic
 + Level 4.2 Ice Magic
 + Level 4.2 Air Magic
 + Level 4.2 Earth Magic
 + Level 4.2 Poison Magic
 + Level 5.5 Invocations
 + Level 5.0 Evocations


You had 17 spell levels left.
You didn't know any spells.
Your spell library was empty.

Dungeon Overview and Level Annotations

Branches:
Dungeon (5/15)             Temple (0/1) D:4

Altars:
Gozag
Nemelex Xobeh
Zin

Shops:
D:2 [=[?=


Innate Abilities, Weirdness & Mutations

You have very sharp teeth.
Your uncanny sense of smell can sniff out nearby items.
Your experience applies equally to all skills.
Armour fits poorly on your strangely shaped body.
Your body sometimes deteriorates upon taking damage.
You are frail. (-10% HP)


Message History

The gnoll barely misses you. The gnoll hits you with a +0 club.
* * * LOW HITPOINT WARNING * * *
You emit a cloud of colourful smoke!
There is an open door here.
You barely miss the gnoll. You barely miss the gnoll.
The gnoll closely misses you. x2
You hit the gnoll but do no damage.
The gnoll is poisoned.
Your bite misses the gnoll. The gnoll closely misses you.
You block the gnoll's attack.
You hit the gnoll.
You feel better.
You punch the gnoll.
The gnoll is heavily wounded.
You hit the gnoll but do no damage.
The gnoll is heavily wounded.
The gnoll misses you. x2
You closely miss the gnoll.
The gnoll is heavily wounded.
The gnoll barely misses you. The gnoll hits you with a +0 whip.
* * * LOW HITPOINT WARNING * * *
Unknown command.
Xom decides to rearrange the pieces.
You swap places with the gnoll.
Some monsters swap places.
You are now a beloved toy of Xom.
There is an open door here.
Unknown command.
Things that are here:
a +0 flail; a +0 whip; a gnoll corpse You hit the gnoll but do no damage.
The gnoll is almost dead.
The gnoll closely misses you.
You kill the gnoll!
The gnoll barely misses you.
You hit the gnoll.
The gnoll is heavily wounded.
The gnoll closely misses you.
You hit the gnoll.
The gnoll seems to grow stronger.
The gnoll is severely wounded.
The gnoll hits you with a +0 whip!
You die... "It was about time."

####..##))# ########
##.##..##..### .......#
#.......#g...# .......#
#.......#g...# .......#
#.......#....# .......#
#.......#....# ....########
##....###'####
....####...####+##....###..##
.............#..@g....#.....#
.............#...g....#.....#
.............#........#.....#
....##.......##.......##...##
....##.......##.......##'###
....##.......###########...#
∆
....##.....................#
...........................#
....##.....).##............#


You could see 2 gnolls.

Vanquished Creatures
  Eustachio (D:4)
  Menkaure (D:4)
  An ice beast (D:3)
  A centaur (D:2)
  A scorpion (D:5)
  A gnoll shaman (D:5)
  2 orc priests
  Terence (D:2)
  An orc wizard (D:3)
  Ijyb (D:4)
  3 gnolls (D:5)
  7 adders
  A white imp (D:5)
  5 dart slugs
  7 orcs
  An endoplasm (D:1)
  5 giant cockroaches
  2 goblins
  7 hobgoblins
  6 jackals
  6 kobolds
  3 quokkas
  5 ball pythons
  6 bats
  4 rats
79 creatures vanquished.

Notes
Turn   | Place    | Note
-------+----------+-------------------------------------------
     0 | D:1      | Ablot the Gnoll Chaos Knight began the quest for the Orb.
     0 | D:1      | Reached XP level 1. HP: 23/23 MP: 1/1
    46 | D:1      | Found a faded altar of an unknown god.
    48 | D:1      | XOM: butterfly on damage
    87 | D:1      | XOM: silly message
   240 | D:1      | Reached XP level 2. HP: 27/29 MP: 2/2
   701 | D:1      | Reached XP level 3. HP: 35/35 MP: 3/3
   874 | D:2      | Found Wimm's Jewellery Shop.
   901 | D:2      | XOM: silly message
   992 | D:2      | Noticed Terence
  1001 | D:2      | Killed Terence
  1002 | D:2      | Reached skill level 1 in Long Blades
  1002 | D:2      | Reached skill level 1 in Axes
  1002 | D:2      | Reached skill level 1 in Maces & Flails
  1002 | D:2      | Reached skill level 1 in Polearms
  1002 | D:2      | Reached skill level 1 in Staves
  1002 | D:2      | Reached skill level 1 in Slings
  1002 | D:2      | Reached skill level 1 in Bows
  1002 | D:2      | Reached skill level 1 in Crossbows
  1002 | D:2      | Reached skill level 1 in Throwing
  1002 | D:2      | Reached skill level 1 in Stealth
  1002 | D:2      | Reached skill level 1 in Shields
  1002 | D:2      | Reached skill level 1 in Unarmed Combat
  1002 | D:2      | Reached skill level 1 in Spellcasting
  1002 | D:2      | Reached skill level 1 in Invocations
  1002 | D:2      | Reached skill level 1 in Evocations
  1002 | D:2      | Reached XP level 4. HP: 41/41 MP: 5/5
  1170 | D:2      | Found Jiciozu's Magic Scroll Shoppe.
  1180 | D:2      | Bought a scroll of identify for 20 gold pieces
  1219 | D:2      | Found a glowing silver altar of Zin.
  1222 | D:2      | Found Zalisemi's Armour Shoppe.
  1225 | D:2      | Found Efishi's Jewellery Boutique.
  1238 | D:2      | Reached skill level 1 in Conjurations
  1238 | D:2      | Reached skill level 1 in Hexes
  1238 | D:2      | Reached skill level 1 in Summonings
  1238 | D:2      | Reached skill level 1 in Necromancy
  1238 | D:2      | Reached skill level 1 in Translocations
  1238 | D:2      | Reached skill level 1 in Transmutations
  1238 | D:2      | Reached skill level 1 in Fire Magic
  1238 | D:2      | Reached skill level 1 in Ice Magic
  1238 | D:2      | Reached skill level 1 in Air Magic
  1238 | D:2      | Reached skill level 1 in Earth Magic
  1238 | D:2      | Reached skill level 1 in Poison Magic
  1253 | D:2      | XOM: silly message
  1296 | D:2      | Found Soarph's Armour Shop.
  1515 | D:2      | XOM: confusion
  1647 | D:2      | Noticed a centaur
  1647 | D:2      | a worm changed into a centaur
  1647 | D:2      | XOM: polymorph worm -> centaur
  1654 | D:2      | XOM: smoke on damage
  1655 | D:2      | Killed a centaur
  1656 | D:2      | Reached XP level 5. HP: 41/47 MP: 5/7
  1802 | D:3      | XOM: swap monsters
  1805 | D:3      | Reached XP level 6. HP: 20/53 MP: 8/8
  2138 | D:3      | Found a sparkling altar of Nemelex Xobeh.
  2234 | D:3      | Found an opulent altar of Gozag.
  2282 | D:3      | Noticed an ice beast
  2282 | D:3      | XOM: divination: magic mapping
  2286 | D:3      | XOM: potion effect (experience)
  2286 | D:3      | Reached skill level 5 in Dodging
  2286 | D:3      | Reached skill level 5 in Invocations
  2286 | D:3      | Reached XP level 7. HP: 62/62 MP: 8/14
  2287 | D:3      | XOM: potion effect (invisibility)
  2615 | D:4      | Identified the +3 chain mail "Duit" {+Inv MP-9 Int+4}
  2753 | D:4      | Noticed Eustachio
  2767 | D:4      | XOM: silly message
  2774 | D:4      | Killed Eustachio
  2775 | D:4      | Reached skill level 5 in Long Blades
  2775 | D:4      | Reached skill level 5 in Axes
  2775 | D:4      | Reached skill level 5 in Maces & Flails
  2775 | D:4      | Reached skill level 5 in Polearms
  2775 | D:4      | Reached skill level 5 in Staves
  2775 | D:4      | Reached skill level 5 in Slings
  2775 | D:4      | Reached skill level 5 in Bows
  2775 | D:4      | Reached skill level 5 in Crossbows
  2775 | D:4      | Reached skill level 5 in Throwing
  2775 | D:4      | Reached skill level 5 in Stealth
  2775 | D:4      | Reached skill level 5 in Shields
  2775 | D:4      | Reached skill level 5 in Unarmed Combat
  2775 | D:4      | Reached skill level 5 in Spellcasting
  2775 | D:4      | Reached skill level 5 in Evocations
  2785 | D:4      | XOM: divination: magic mapping
  2968 | D:4      | Found a staircase to the Ecumenical Temple.
  2972 | D:4      | Noticed Menkaure
  2983 | D:4      | Killed Menkaure
  2984 | D:4      | Reached XP level 8. HP: 32/69 MP: 15/15
  2984 | D:4      | Noticed Ijyb
  2995 | D:4      | Killed Ijyb
  3839 | D:5      | Entered Level 5 of the Dungeon
  3843 | D:5      | XOM: give mutations
  3843 | D:5      | Gained mutation: Armour fits poorly on your strangely
                  | shaped body. [Xom's mischief]
  3843 | D:5      | Gained mutation: You are frail. (-10% HP) [Xom's mischief]
  3843 | D:5      | Gained mutation: Your body sometimes deteriorates upon
                  | taking damage. [Xom's mischief]
  4114 | D:5      | XOM: smoke on damage
  4120 | D:5      | XOM: noise
  4130 | D:5      | HP: 3/62 [gnoll/+0 whip (2)]
  4133 | D:5      | XOM: smoke on damage
  4142 | D:5      | HP: 1/62 [gnoll/+0 whip (4)]
  4147 | D:5      | XOM: swap monsters
  4170 | D:5      | Slain by a gnoll

Illustrated notes

Levels and vault maps discovered:
D:1:      scummos_arrival_hexagon, layout_basic, basic_ecumenical_altar,
          serial_curves, eino_curves_02, eino_curves_01,
          chequers_serial_rivers_micro_a, chequers_serial_rivers_small_b,
          minmay_liquid_box
D:2:      layout_loops_ring, serial_shops, nicolae_shop_stone,
          nicolae_shop_crystal, nicolae_diamond_shop, shop, nicolae_shop_stone,
          basic_altar, st_stairs_12, uniq_terence
D:3:      layout_rooms, nicolae_gozag_seed_capital, nemelex_altar_shiori
D:4:      layout_basic, minmay_temple_entry_gardened_gates, uniq_menkaure,
          uniq_ijyb, uniq_eustachio
D:5:      layout_gridville, roderic_roman_lattice, uniq_grinder,
          uniq_crazy_yiuf_cottage

Skill      XL: |  1  2  3  4  5  6  7 |
---------------+----------------------+-----
Long Blades    | 1 4 5 |  5.0
Axes           | 1 4 5 |  5.0
Maces & Flails | 1 4 5 |  5.0
Polearms       | 1 4 5 |  5.0
Staves         | 1 4 5 |  5.0
Slings         | 1 4 5 |  5.0
Bows           | 1 4 5 |  5.0
Crossbows      | 1 4 5 |  5.0
Throwing       | 1 4 5 |  5.0
Stealth        | 1 4 5 |  5.0
Shields        | 1 4 5 |  5.0
Unarmed Combat | 1 4 5 |  5.0
Spellcasting   | 1 4 5 |  5.0
Invocations    | 1 2 5 |  5.5
Evocations     | 1 4 5 |  5.0
Conjurations   | 1 4 |  4.2
Hexes          | 1 4 |  4.2
Summonings     | 1 4 |  4.2
Necromancy     | 1 4 |  4.2
Translocations | 1 4 |  4.2
Transmutations | 1 4 |  4.2
Fire Magic     | 1 4 |  4.2
Ice Magic      | 1 4 |  4.2
Air Magic      | 1 4 |  4.2
Earth Magic    | 1 4 |  4.2
Poison Magic   | 1 4 |  4.2
Dodging        | 3 5 |  5.7
Fighting       | 8 |  8.4
Short Blades   | 8 |  8.4
Armour         | 6 |  6.9

Action                   |  1- 3 |  4- 6 |  7- 9 || total
-------------------------+-------+-------+-------++-------
Melee: Short sword       |    70 |    90 |   150 ||   310
       Bite              |     4 |     7 |    23 ||    34
       Punch             |       |       |     6 ||     6
Throw: Stone             |     6 |       |       ||     6
       Boomerang         |       |     2 |       ||     2
 Stab: Sleeping          |     1 |     2 |     2 ||     5
       Petrifying        |     1 |     1 |       ||     2
       Petrified         |     1 |       |       ||     1
       Paralysed         |     1 |       |       ||     1
       Confused          |       |     1 |     1 ||     2
       Invisible         |       |       |     1 ||     1
Armor: Leather armour    |    26 |    41 |    48 ||   115
Dodge: Dodged            |    36 |    56 |   136 ||   228
Block: Other             |       |       |     8 ||     8
       Reflection        |       |       |     1 ||     1
